 Dungeon Crawl Stone Soup version 0.23.2-1-ga50397a (webtiles) character file.

Game seed: 9783668505304254488

257 MalarOregon the Skirmisher (level 6, 0/49 HPs)
             Began as a Merfolk Ice Elementalist on May 24, 2019.
             Slain by an ogre
             ... wielding a cursed +0 giant club
              (19 damage)
             ... on level 3 of the Dungeon.
             The game lasted 00:07:38 (3747 turns).

MalarOregon the Skirmisher (MfIE)                   Turns: 3747, Time: 00:07:38

Health: 0/49       AC:  3    Str:  8    XL:     6   Next: 16%
Magic:  1/10       EV: 13    Int: 16    God:
Gold:   170        SH:  0    Dex: 15    Spells: 8/11 levels left

rFire    . . .     SeeInvis .   f - +0 dagger
rCold    . . .     Gourm    .   (no shield)
rNeg     . . .     Faith    .   a - +0 robe
rPois    .         Spirit   .   p - +0 helmet
rElec    .         Reflect  .   (no cloak)
rCorr    .         Harm     .   (no gloves)
MR       .....                  (no boots)
Stlth    ++........             (no amulet)
HPRegen  0.16/turn              (no ring)
MPRegen  0.12/turn              (no ring)

@: lightly drained
A: change form in water, swift swim, stealthy swim
a: no special abilities


You were on level 3 of the Dungeon.
You were not hungry.

You visited 1 branch of the dungeon, and saw 4 of its levels.

You collected 170 gold pieces.

Inventory:

Hand Weapons
 f - a +0 dagger (weapon)
   (You took it off a goblin on level 1 of the Dungeon)
Armour
 a - a +0 robe (worn)
 p - a +0 helmet (worn)
   (You took it off Robin on level 3 of the Dungeon)
Jewellery
 m - a cursed amulet of inaccuracy {unknown}
   (You found it on level 2 of the Dungeon)
Wands
 x - a wand of acid (8)
   (You found it on level 3 of the Dungeon)
Scrolls
 d - 5 scrolls of identify {unknown}
 g - 2 scrolls of remove curse {unknown}
 i - a scroll of blinking {unknown}
 j - 2 scrolls of fog {unknown}
Potions
 b - 2 potions of mutation {unknown}
 c - a potion of might {unknown}
 h - 3 potions of curing {@q1}
 k - 2 potions of haste {unknown}
 l - a potion of lignification {unknown}
 n - a potion of resistance {unknown}
Comestibles
 e - 3 rations {!d}


   Skills:
 + Level 4.6(4.5) Fighting
 - Level 3.0 Dodging
 - Level 3.0(2.9) Stealth
 - Level 3.1(3.0) Spellcasting
 - Level 1.0(0.9) Conjurations
 - Level 4.0(3.9) Ice Magic


You had 8 spell levels left.
You knew the following spells:

 Your Spells              Type           Power        Failure   Level  Hunger
a - Freeze                Ice            ###.         3%          1    #......
x - Throw Frost           Conj/Ice       ##....       10%         2    ##.....

Your spell library contained the following spells:

 Spells                   Type           Power        Failure   Level  Hunger
 Ozocubu's Armour         Chrm/Ice       #.......     24%         3    ###....
 Throw Icicle             Conj/Ice       ##......     54%         4    #####..
 Summon Ice Beast         Ice/Summ       #.......     63%         4    #####..


Dungeon Overview and Level Annotations

Branches:
Dungeon (4/15)
 Temple: D:4-7

Altars:
Elyvilon
The Shining One


Message History

You start resting.
Eating one of 2 chunks of flesh.
You eat one of the 2 chunks of flesh.
Your magical contamination has completely faded away.
You start resting.
You climb downwards.
The hobgoblin closely misses you.
The goblin shoots a sling bullet.
The sling bullet misses you.
The sling bullet barely misses the hobgoblin.
There is a stone staircase leading up, spattered with blood here.
You see here a sling bullet.
Aim: a hobgoblin, wielding a +0 club You freeze the hobgoblin.
The hobgoblin barely misses you.
The goblin shoots a sling bullet.
The sling bullet hits you.
Aim: a hobgoblin, wielding a +0 club (severely wounded)
You freeze the hobgoblin.
You kill the hobgoblin!
The goblin shoots a sling bullet.
The sling bullet closely misses you.
Aim: a goblin, wielding a +0 hunting sling The puff of frost hits the goblin!
You kill the goblin!
You can't see any susceptible monsters within range! (Use Z to cast anyway.)
Aim: a leopard gecko (clinging)
The puff of frost hits the leopard gecko!
You kill the leopard gecko!
You start resting.
You start resting.
The ogre is too close now for your liking.
You can't see any susceptible monsters within range! (Use Z to cast anyway.)
Aim: an ogre, wielding a +0 giant club (hasn't noticed you)
The puff of frost hits the ogre.
The ogre shouts!
Aim: an ogre, wielding a +0 giant club (lightly wounded)
The puff of frost hits the ogre.
Aim: an ogre, wielding a +0 giant club (moderately wounded)
The puff of frost misses the ogre.
Aim: an ogre, wielding a +0 giant club (moderately wounded)
The puff of frost hits the ogre.
You don't have enough magic to cast that spell.
Aim: an ogre, wielding a +0 giant club (heavily wounded)
You freeze the ogre.
The ogre hits you with a cursed +0 giant club!
You hit the ogre but do no damage. The ogre closely misses you.
You barely miss the ogre.
The ogre hits you with a cursed +0 giant club!
* * * LOW HITPOINT WARNING * * *
You climb upwards.
All of the chunks of flesh in your inventory have rotted away.
There is a stone staircase leading down, spattered with blood here.
You see here a goblin skeleton.
The ogre hits you with a cursed +0 giant club!!
You die...

.........# #.....(...>
.######..# #.##.######
..#####..# #.##.# ..##...(.#
#.##.# .....###.# #.##.#
...#.# #.# #.##)# ...#.# #.#
########.##.#
####.###.#######...........#
#......)>รท..O@.......####
#......[..############
#########.# ## #.# ##. #.#
##.. #.#################.<#
#.............)......#
###################..# ##..


You could see an ogre.

Vanquished Creatures
  3 orc priests
  An orc wizard (D:3)
  Robin (D:3)
  3 adders (D:2)
  2 worms (D:3)
  5 dart slugs
  3 leopard geckos
  4 orcs
  A ball python (D:1)
  A bat skeleton (D:2)
  3 giant cockroaches
  14 goblins
  10 hobgoblins
  7 jackals
  A quokka (D:2)
  5 bats
  4 frilled lizards
  7 kobolds
  11 rats
86 creatures vanquished.

Notes
Turn   | Place    | Note
-------+----------+-------------------------------------------
     0 | D:1      | MalarOregon the Merfolk Ice Elementalist began the quest
                  | for the Orb.
     0 | D:1      | Reached XP level 1. HP: 13/13 MP: 3/3
   219 | D:1      | Reached XP level 2. HP: 14/19 MP: 0/5
   914 | D:1      | Reached XP level 3. HP: 21/24 MP: 2/6
   918 | D:1      | Learned a level 2 spell: Throw Frost
  1132 | D:1      | Reached skill level 1 in Conjurations
  1345 | D:2      | Reached skill level 1 in Fighting
  1473 | D:2      | Reached XP level 4. HP: 25/32 MP: 1/7
  2210 | D:2      | Reached XP level 5. HP: 26/39 MP: 3/9
  2449 | D:3      | Found a glowing golden altar of the Shining One.
  3125 | D:3      | Reached XP level 6. HP: 48/48 MP: 1/10
  3232 | D:3      | Found a white marble altar of Elyvilon.
  3428 | D:4      | Noticed Robin
  3544 | D:3      | Killed Robin
  3747 | D:3      | Slain by an ogre

Skill      XL: |  1  2  3  4  5 |
---------------+----------------+-----
Dodging        | 3 |  3.0
Stealth        | 3 |  3.0
Ice Magic      | 4 |  4.0
Conjurations   | 1 |  1.0
Fighting       | 1 2 4 |  4.6
Spellcasting   | 3 |  3.1

Action                   |  1- 3 |  4- 6 || total
-------------------------+-------+-------++-------
Melee: Unarmed           |    49 |       ||    49
       Dagger            |    14 |    24 ||    38
 Cast: Freeze            |    43 |    69 ||   112
       Throw Frost       |     3 |    31 ||    34
 Stab: Sleeping          |     2 |     6 ||     8
  Eat: Chunk             |     3 |     9 ||    12
Armor: Robe              |    14 |    14 ||    28
Dodge: Dodged            |    68 |    53 ||   121
